 Dungeon Crawl Stone Soup version 0.30-a0-367-g839099abd5 (webtiles) character file.

Game seed: 9151638354579613372

14 MrRokkomies the Insei (level 2, 24/24 HPs)
             Began as a Meteoran Transmuter on Nov 18, 2022.
             Was a Follower of Zin.
             Quit the game on level 2 of the Dungeon.
             The game lasted 00:01:03 (403 turns).

MrRokkomies the Insei (Meteoran Transmuter)          Turns: 403, Time: 00:01:04

Health: 24/24      AC:  2    Str: 11    XL:     2   Next: 76%
Magic:  6/6        EV: 12    Int: 14    God:    Zin [*.....]
Gold:   18         SH:  0    Dex: 14    Spells: 5/6 levels left

rFire   . . .      SeeInvis .      - Unarmed
rCold   . . .      Faith    .    (no shield)
rNeg    . . .      Spirit   .    a - +0 robe
rPois   .          Reflect  .    (no helmet)
rElec   .          Harm     .    (no cloak)
rCorr   .          Rampage  .    (no gloves)
Will    .....                    (no boots)
Stlth   +.........               (no amulet)
HPRegen 0.24/turn                (no ring)
MPRegen 0.10/turn                (no ring)

@: glowing
A: sense surroundings 1, otherworldly, glowing, explore regen
a: Renounce Religion, Recite, Donate Gold


You were on level 2 of the Dungeon.
You worshipped Zin.
Zin was aware of your devotion.
You visited 1 branch of the dungeon, and saw 2 of its levels.

You collected 20 gold pieces.
You donated 2 gold pieces to Zin.

Inventory:

Armour
 a - a +0 robe (worn)
Jewellery
 c - a ring of fire
Scrolls
 e - a scroll of enchant weapon {unknown}
Potions
 b - a potion of lignification
 d - a potion of curing {unknown}


   Skills:
 * Level 1.7 Fighting
 + Level 2.6 Dodging
 * Level 3.9 Unarmed Combat
 - Level 2.6 Spellcasting
 + Level 2.7 Transmutations
 + Level 0.0 Invocations


You had 5 spell levels left.
You knew the following spells:

 Your Spells              Type           Power      Damage    Failure   Level
a - Beastly Appendage     Tmut           18%        N/A       8%          1

Your spell library contained the following spells:

 Spells                   Type           Power      Damage    Failure   Level
 Wereblood                Tmut           9%         N/A       11%         2
 Spider Form              Tmut/Pois      5%         N/A       36%         3
 Ice Form                 Ice/Tmut       5%         N/A       77%         4


Dungeon Overview and Level Annotations

Branches:
Dungeon (2/15) Zot: 799

Altars:
Zin

Shops:
D:1 (


Innate Abilities, Weirdness & Mutations

You passively map a small area around you.
You are easily found by Zot.
You glow in the dark.
You regain HP and MP as you explore.


Message History

The bat barely misses you. The bat hits you but does no damage.
The bat misses you. The bat closely misses you.
You barely miss the bat.
The bat is moderately wounded.
The bat misses you. The bat hits you but does no damage.
The bat barely misses you.
You punch the bat!
You kill the bat!
No target in view!
Your transformation is almost over.
Found a faded altar of an unknown god.
An endoplasm comes into view.
The endoplasm quivers.
Your horns disappear.
Your talons disappear.
The endoplasm hits you.
You hit the endoplasm.
You kill the endoplasm!
No target in view!
There is a faded altar of an unknown god here.
This altar belongs to (a) Gozag, (b) Zin or (c) Nemelex Xobeh, but you can't tell which.
Press the corresponding letter to learn more about a god, or press enter to convert or escape to cancel.
Zin accepts your prayer! Zin welcomes you!
You pay a tithe of 2 gold.
You can now donate money to Zin.
You can now recite Zin's Axioms of Law.
(D) Dungeon
Where to? (? - help)
There is an open door here.
You see here a ball python corpse.
There is a stone staircase leading down here.
You climb downwards.
The goblin shouts!
There is a stone staircase leading up here.
There are monsters nearby!
Casting: Beastly Appendage (safe; 8% risk of failure)
Confirm with . or Enter, or press ? or * to list all spells.
Okay, then.
Unknown command.
Unknown command.
Unknown command.
Are you sure you want to abandon this character and quit the game? (Confirm with "yes".)

* , * *
*, , , ,
,, ,, # *
* * ...
..b..####
*
.......@#
,
.g...####
, , ... +
, * . , ,
* , * **
, , * *
** * * *
,


You could see a goblin and a bat.

Vanquished Creatures
  2 bats (D:1)
  3 endoplasms (D:1)
  3 hobgoblins (D:1)
  3 ball pythons (D:1)
11 creatures vanquished.

Notes
Turn   | Place    | Note
-------+----------+-------------------------------------------
     0 | D:1      | MrRokkomies the Meteoran Transmuter began the quest for the
                  | Orb.
     0 | D:1      | Reached XP level 1. HP: 16/16 MP: 5/5
    80 | D:1      | Found Xyoban's Weapon Emporium.
    91 | D:1      | Reached XP level 2. HP: 18/23 MP: 6/6
   301 | D:1      | Found a faded altar of an unknown god.
   309 | D:1      | Prayed at the altar of an unknown god.
   309 | D:1      | Became a worshipper of Zin the Law-Giver
   309 | D:1      | Reached * piety under Zin
   403 | D:2      | Quit the game

Illustrated notes

Levels and vault maps discovered:
D:1:      lemuel_arrival_lava_pool, layout_basic, serial_shops, shop,
          ebering_ecumenical_altar_box
D:2:      layout_basic

Action                   || total
-------------------------++-------
Melee: Unarmed           ||    26
       Punch             ||     2
       Kick              ||     4
 Cast: Beastly Appendage ||     5
Armor: Robe              ||    11
Dodge: Dodged            ||    20

Table legend: (Time is in decaauts)
 A = Elapsed time spent in this place.
 B = Non-inter-level travel time spent in this place.
 C = Inter-level travel time spent in this place.
 D = Time resting spent in this place.
 E = Time spent auto-exploring this place.
 F = Levels seen in this place.
 G = Mean time per level.
                   A        B        C        D        E       F      G
               +--------+--------+--------+--------+--------+-----+--------+
         Total |    400 |    308 |     92 |      0 |    233 |   2 |  200.0 |
       Dungeon |    400 |    308 |     92 |      0 |    233 |   2 |  200.0 |
               +--------+--------+--------+--------+--------+-----+--------+

Top non-repeatable levels by time:
     D:1: 400 daAuts
     D:2: 0 daAuts
